 Dungeon Crawl Stone Soup version 0.21.1-1-g345015f (webtiles) character file.

327 Kairos the Charmwright (level 6, -4/46 HPs)
             Began as a Demonspawn Skald on Mar 25, 2018.
             Killed by divine providence
             ... invoked by an orc priest
              (14 damage)
             ... on level 4 of the Dungeon.
             The game lasted 00:07:10 (3335 turns).

Kairos the Charmwright (Demonspawn Skald)           Turns: 3335, Time: 00:07:11

Health: -4/46      AC:  9    Str: 14    XL:     6   Next: 24%
Magic:  9/9        EV: 12    Int: 14    God:
Gold:   136        SH:  0    Dex: 12    Spells: 8/9 levels left

rFire    . . .     SeeInvis .   q - +0 hand axe (elec)
rCold    . . .     Gourm    .   (no shield)
rNeg     . . .     Faith    .   b - +0 leather armour
rPois    .         Spirit   .   (no helmet)
rElec    .         Reflect  .   (no cloak)
rCorr    .         Harm     .   s - +0 pair of gloves
MR       .....                  f - +2 pair of boots
Stlth    +.........             (no amulet)
HPRegen  0.15/turn              (no ring)
MPRegen  0.11/turn              (no ring)

@: confused, hasted, very quick
A: yellow scales 1, powered by death 2
a: no special abilities


You were on level 4 of the Dungeon.
You were not hungry.

You visited 1 branch of the dungeon, and saw 4 of its levels.

You collected 136 gold pieces.

Inventory:

Hand Weapons
 a - a +0 mace
 q - a +0 hand axe of electrocution (weapon)
 w - a +0 war axe
 x - a +0 quarterstaff
Armour
 b - a +0 leather armour (worn)
 f - a +2 pair of boots (worn)
 s - a +0 pair of gloves (worn)
Wands
 v - a wand of iceblast (9)
Scrolls
 e - 2 scrolls of magic mapping {unknown}
 g - 2 scrolls of teleportation {unknown}
 k - a scroll of immolation {unknown}
 l - a scroll of blinking {unknown}
 n - 3 scrolls of fear {unknown}
 r - a scroll of amnesia {unknown}
 t - a scroll of enchant armour {unknown}
 y - a scroll of enchant weapon {unknown}
Potions
 h - a potion of agility {unknown}
 i - 2 potions of brilliance {unknown}
 j - a potion of degeneration {unknown}
 m - a potion of invisibility {unknown}
 o - a potion of curing {unknown}
 p - a potion of mutation {unknown}
 u - 2 potions of haste
Books
 c - a book of Battle

   Spells                             Type                      Level
   a - Infusion                       Charms                       1
   b - Shroud of Golubria             Charms/Translocation         2
   c - Song of Slaying                Charms                       2
   d - Spectral Weapon                Hexes/Charms                 3
   e - Regeneration                   Charms/Necromancy            3
Comestibles
 d - 6 rations


   Skills:
 + Level 2.8 Fighting
 + Level 2.0(2.7) Axes
 + Level 2.8(3.2) Maces & Flails
 + Level 0.2(1.7) Staves
 + Level 2.1 Armour
 + Level 3.0 Dodging
 + Level 0.7 Stealth
 + Level 2.3 Spellcasting
 + Level 3.5 Charms


You had 8 spell levels left.
You knew the following spells:

 Your Spells              Type           Power        Failure   Level  Hunger
a - Infusion              Chrm           ##..         7%          1    #......


Dungeon Overview and Level Annotations

Branches:
Dungeon (4/15)
 Temple: D:4-7

Altars:
Cheibriados


Innate Abilities, Weirdness & Mutations

You are partially covered in yellow scales. (AC +2)
You regenerate health from kills.


Message History

Lightning courses through the orc priest!
The orc priest is almost dead.
You closely miss the orc priest. You hit the orc wizard.
The orc priest barely misses you.
The orc wizard points at you and mumbles some strange words.
The puff of flame misses you.
The orc priest hits you but does no damage.
You hear some strange, mumbled words.
You are confused.
Unknown command.
The orc wizard casts a spell at you. The puff of frost misses you.
Something hits you but does no damage. The orc wizard casts a spell at you.
The puff of flame hits you!
* * * LOW HITPOINT WARNING * * *
You're too confused!
It was a potion of haste.
You feel yourself speed up.
The orc priest mumbles some strange prayers to Beogh against you.
Beogh smites you!
You die...

........ ....... ..
#.....###. $ +......... .
#.......%. #.#s........
.... .. #.#.oo..###. ....
.).#..@oo...... .....
.........########.....
####..................
.....................
.....................#
..............)..(#
..##..............#.
...####..................
.....
...................#.....


You could see a scorpion, 2 orc priests, an orc wizard and an orc.

Vanquished Creatures
  3 orc priests
  Robin (D:2)
  4 gnolls (D:3)
  11 adders
  2 worms (D:2)
  A dart slug (D:1)
  A leopard gecko (D:1)
  13 orcs
  A ball python (D:2)
  2 giant cockroaches
  8 hobgoblins
  7 jackals
  6 kobolds
  A quokka (D:2)
  3 bats
  3 frilled lizards
  8 goblins
  5 rats
80 creatures vanquished.

Notes
Turn   | Place    | Note
-------+----------+-------------------------------------------
     0 | D:1      | Kairos the Demonspawn Skald began the quest for the Orb.
     0 | D:1      | Reached XP level 1. HP: 16/16 MP: 3/3
   363 | D:1      | Gained mutation: You regenerate a little health from kills. [demonic ancestry]
   363 | D:1      | Reached XP level 2. HP: 22/22 MP: 5/5
  1026 | D:2      | Reached XP level 3. HP: 27/27 MP: 6/6
  1059 | D:2      | Reached skill level 1 in Armour
  1417 | D:2      | Reached XP level 4. HP: 19/33 MP: 3/7
  2100 | D:2      | Noticed Robin
  2117 | D:2      | Killed Robin
  2201 | D:2      | Gained mutation: You regenerate health from kills. [demonic ancestry]
  2201 | D:2      | Reached XP level 5. HP: 26/39 MP: 8/8
  2504 | D:3      | Found a snail-covered altar of Cheibriados.
  2533 | D:3      | Reached skill level 1 in Axes
  2927 | D:3      | Gained mutation: You are partially covered in yellow scales. (AC +2) [demonic ancestry]
  2927 | D:3      | Reached XP level 6. HP: 6/46 MP: 9/9
  3335 | D:4      | Killed from afar by an orc priest

Skill      XL: |  1  2  3  4  5  6 |
---------------+-------------------+-----
Charms         | 3 |  3.5
Maces & Flails | 2 |  2.8
Dodging        | 2 3 |  3.0
Armour         | 1 2 |  2.1
Axes           | 1 2 |  2.0
Fighting       | |  2.8
Staves         | |  0.2
Stealth        | |  0.7
Spellcasting   | |  2.3

Action                   |  1- 3 |  4- 6 || total
-------------------------+-------+-------++-------
Melee: Mace              |    96 |    33 ||   129
       Hand axe          |       |   103 ||   103
       Quarterstaff      |       |    60 ||    60
 Cast: Infusion          |     2 |     4 ||     6
  Use: Potion            |       |     1 ||     1
  Eat: Chunk             |     1 |     7 ||     8
Armor: Leather armour    |    34 |    75 ||   109
Dodge: Dodged            |    82 |   131 ||   213
